 Dungeon Crawl Stone Soup version 0.21.0-3-g78d12a8 (webtiles) character file.

6507 shmeve the Cleaver (level 10, -6/138 HPs)
             Began as a Minotaur Berserker on Jan 18, 2018.
             Was a High Priest of Trog.
             Splashed by a brown ugly thing's acid (10 damage)
             ... on level 8 of the Dungeon.
             The game lasted 00:16:44 (8858 turns).

shmeve the Cleaver (Minotaur Berserker)             Turns: 8858, Time: 00:16:44

Health: -6/138     AC: 15    Str: 31    XL:     10   Next: 69%
Magic:  9/9        EV: 10    Int:  4    God:    Trog [*****.]
Gold:   413        SH:  6    Dex:  9    Spells: 9/9 levels left

rFire    . . .     SeeInvis .   H - +0 war axe
rCold    . . .     Gourm    .   r - +0 buckler
rNeg     . . .     Faith    +   j - +0 plate armour
rPois    .         Spirit   .   (helmet restricted)
rElec    .         Reflect  .   F - +0 cloak
rCorr    .         Harm     .   (no gloves)
MR       .....                  z - +0 pair of boots
Stlth    ..........             u - amulet of faith
HPRegen  0.33/turn              (no ring)
MPRegen  0.11/turn              (no ring)

@: berserking, very quick
A: retaliatory headbutt, horns 2
a: Berserk, Trog's Hand, Brothers in Arms, Burn Spellbooks, Renounce Religion


You were on level 8 of the Dungeon.
You worshipped Trog.
Trog was extremely pleased with you.
You were not hungry.

You visited 1 branch of the dungeon, and saw 8 of its levels.

You collected 413 gold pieces.

Inventory:

Hand Weapons
 H - a +0 war axe (weapon)
Missiles
 m - 7 javelins (quivered)
Armour
 j - a +0 plate armour (worn)
 r - a +0 buckler (worn)
 z - a +0 pair of boots (worn)
 F - a +0 cloak (worn)
Jewellery
 a - a +5 ring of evasion {unknown}
 d - an uncursed ring of wizardry {unknown}
 u - an amulet of faith (around neck)
 x - an uncursed ring of positive energy {unknown}
Wands
 p - a wand of flame (55)
 y - a wand of digging (13)
 B - a wand of iceblast (8)
 L - a wand of random effects (16)
 M - a wand of acid (3)
Scrolls
 e - 6 scrolls of identify
 i - 4 scrolls of remove curse
 k - 4 scrolls of teleportation {unknown}
 n - 5 scrolls of enchant armour {unknown}
 o - a scroll of amnesia {unknown}
 t - 2 scrolls of magic mapping {unknown}
 v - 3 scrolls of fog {unknown}
 A - a scroll of noise {unknown}
 E - a scroll of immolation {unknown}
 J - 2 scrolls of holy word {unknown}
Potions
 b - 4 potions of flight {unknown}
 f - 3 potions of lignification {unknown}
 g - 5 potions of curing {unknown}
 h - a potion of berserk rage {unknown}
 l - 2 potions of agility {unknown}
 q - a potion of haste {unknown}
 s - 4 potions of heal wounds {unknown}
 w - 2 potions of brilliance {unknown}
 C - 2 potions of might {unknown}
 D - 2 potions of degeneration {unknown}
 I - a potion of ambrosia {unknown}
 K - a potion of mutation {unknown}
Comestibles
 c - 24 rations
 G - 22 chunks of flesh


   Skills:
 * Level 9.7 Fighting
 * Level 9.8 Axes
 + Level 5.2 Throwing
 + Level 6.6 Armour
 + Level 6.1 Dodging
 * Level 9.8 Shields


You had 9 spell levels left.
You didn't know any spells.

Dungeon Overview and Level Annotations

Branches:
Dungeon (8/15)             Temple (0/1) D:7
   Lair: D:8-11

Altars:
Dithmenos
Elyvilon
Fedhas
Hepliaklqana
Kikubaaqudgha
Nemelex Xobeh
Okawaru
Ru
Sif Muna
Trog
Uskayaw
Vehumet
Yredelemnul
The Shining One


Innate Abilities, Weirdness & Mutations

You reflexively headbutt those who attack you in melee.
You have a pair of horns on your head.


Message History

* * * LOW HITPOINT WARNING * * *
You block the brown ugly thing's attack.
A red film seems to cover your vision as you go berserk!
You feel yourself moving faster!
You feel mighty!
You feel a lot more hungry.
The wyvern bites you but does no damage.
The komodo dragon bites you.
* * * LOW HITPOINT WARNING * * *
The brown ugly thing trunk-slaps you!
* * * LOW HITPOINT WARNING * * *
You are splashed with acid!
The acid burns!
* * * LOW HITPOINT WARNING * * *
You slash the komodo dragon! You headbutt the komodo dragon!
The komodo dragon is severely wounded.
You hit the brown ugly thing. You barely miss the wyvern.
The wyvern misses you. You block the komodo dragon's attack.
The wyvern bites you but does no damage.
The brown ugly thing trunk-slaps you.
* * * LOW HITPOINT WARNING * * *
You are splashed with acid!
The acid burns!
You die...

#.....####..####
#.....# #..####
#.....# #.>....
#.....# ####### ###
### #########
#.#####.##.# .# .#
##.........###.#..#
##....###.....lD.####
####).##.#
##...@lt.....
#...##.###
#.#.#u#..... .#######
#.####.##... ## ##.
## . . . ##


You could see a brown ugly thing, a komodo dragon, a steam dragon, a crocodile
and a wyvern.

Vanquished Creatures
  A hydra (D:7)
  The ghost of Wesley the Cleaver, a novice HOMo of Beogh (D:7)
  2 hippogriffs
  A wyvern (D:7)
  A yak (D:7)
  4 hogs (D:7)
  A human (D:7)
  Edmund (D:5)
  A soldier ant (D:8)
  A water moccasin (D:6)
  An ice beast (D:7)
  A phantom (D:6)
  3 orc warriors
  3 black bears
  2 sky beasts
  6 ogres
  5 centaurs
  A crocodile (D:8)
  4 bullfrogs
  3 scorpions
  5 killer bees
  A howler monkey (D:7)
  A bullfrog zombie (D:6)
  6 crimson imps
  4 hounds
  4 orc priests
  A jelly (D:5)
  2 orc wizards
  3 iguanas
  Ijyb (D:3)
  4 worker ants
  A hound zombie (D:5)
  A howler monkey zombie (D:5)
  A worker ant zombie (D:5)
  16 adders
  2 shadow imps
  3 oozes
  2 worms
  4 dart slugs
  5 leopard geckos
  17 orcs
  8 bats
  6 giant cockroaches
  18 goblins
  11 hobgoblins
  12 jackals
  2 quokkas
  A ball python (D:7)
  5 frilled lizards
  A jackal zombie (D:7)
  9 kobolds
  A quokka skeleton (D:7)
  9 rats
210 creatures vanquished.

Notes
Turn   | Place    | Note
-------+----------+-------------------------------------------
     0 | D:1      | shmeve the Minotaur Berserker began the quest for the Orb.
     0 | D:1      | Reached XP level 1. HP: 19/19 MP: 0/0
   103 | D:1      | Reached XP level 2. HP: 16/27 MP: 1/1
   502 | D:1      | Reached XP level 3. HP: 20/33 MP: 2/2
   503 | D:1      | Reached ** piety under Trog
   723 | D:1      | You fall through a shaft!
  1191 | D:2      | Reached skill level 1 in Throwing
  1196 | D:2      | Reached XP level 4. HP: 38/41 MP: 3/3
  1397 | D:2      | Reached *** piety under Trog
  1780 | D:3      | Reached XP level 5. HP: 33/47 MP: 4/4
  1784 | D:3      | Reached skill level 5 in Axes
  1818 | D:3      | Noticed Ijyb
  1866 | D:3      | Killed Ijyb
  1866 | D:3      | Reached skill level 5 in Fighting
  2157 | D:3      | Found a hazy altar of Hepliaklqana.
  2172 | D:3      | Found a sacrificial altar of Ru.
  2172 | D:3      | Found a glowing golden altar of the Shining One.
  2172 | D:3      | Found a shadowy altar of Dithmenos.
  2172 | D:3      | Found a deep blue altar of Sif Muna.
  2173 | D:3      | Found a hide-covered altar of Uskayaw.
  2178 | D:3      | Found a bloodstained altar of Trog.
  2180 | D:3      | Found an ancient bone altar of Kikubaaqudgha.
  2181 | D:3      | Found a basalt altar of Yredelemnul.
  2226 | D:3      | Reached skill level 1 in Shields
  2795 | D:4      | Noticed a hippogriff
  2800 | D:4      | Killed a hippogriff
  2800 | D:4      | Reached XP level 6. HP: 56/56 MP: 5/5
  2888 | D:4      | Reached skill level 5 in Shields
  3140 | D:4      | Reached XP level 7. HP: 45/61 MP: 6/6
  3892 | D:5      | Entered Level 5 of the Dungeon
  4032 | D:5      | Reached **** piety under Trog
  4358 | D:5      | Found a radiant altar of Vehumet.
  4358 | D:5      | Found a sparkling altar of Nemelex Xobeh.
  4359 | D:5      | Found a blossoming altar of Fedhas.
  4568 | D:5      | Reached XP level 8. HP: 25/70 MP: 7/7
  4887 | D:5      | Noticed Edmund
  4909 | D:5      | Killed Edmund
  6235 | D:7      | Found a staircase to the Ecumenical Temple.
  6340 | D:7      | Reached XP level 9. HP: 63/79 MP: 8/8
  6377 | D:7      | Found a white marble altar of Elyvilon.
  6389 | D:7      | Reached skill level 5 in Armour
  6393 | D:7      | HP: 5/118 [something/puff of flame (8)]
  6816 | D:7      | HP: 2/80 [orc warrior/halberd (6)]
  6825 | D:7      | HP: 3/81 [orc/stone (1)]
  6885 | D:7      | Noticed Wesley's ghost (novice HOMo)
  6895 | D:7      | Killed Wesley's ghost
  6895 | D:7      | Reached skill level 5 in Dodging
  7097 | D:7      | Found an iron altar of Okawaru.
  7097 | D:7      | Found a shadowy altar of Dithmenos.
  7110 | D:7      | Noticed a seven-headed hydra
  7120 | D:7      | HP: 4/121 [11-headed hydra (7)]
  7122 | D:7      | Killed a 13-headed hydra
  7127 | D:7      | Reached XP level 10. HP: 7/90 MP: 9/9
  7594 | D:7      | Found a runed door.
  7628 | D:7      | Got a bloodstained ring mail
  7639 | D:7      | Identified the cursed +0 ring mail of Altruism {rN+ Dex+2 SInv} (You found it on level 7 of the Dungeon)
  8110 | D:7      | Reached ***** piety under Trog
  8597 | D:8      | Reached skill level 5 in Throwing
  8850 | D:8      | Noticed a brown ugly thing
  8857 | D:8      | HP: 6/138 [acid (6)]
  8858 | D:8      | Splashed by a brown ugly thing's acid

Skill      XL: |  1  2  3  4  5  6  7  8  9 10 |
---------------+-------------------------------+-----
Axes           | 4 5 6 7 8 9 |  9.8
Fighting       | 4 5 6 7 8 9 |  9.7
Throwing       | 1 2 3 4 5 |  5.2
Armour         | 3 4 5 6 |  6.6
Dodging        | 3 4 5 6 |  6.1
Shields        | 4 5 6 7 8 9 |  9.8

Action                   |  1- 3 |  4- 6 |  7- 9 | 10-12 || total
-------------------------+-------+-------+-------+-------++-------
Melee: Hand axe          |    87 |   111 |   263 |       ||   461
       Headbutt          |    14 |    20 |    61 |    27 ||   122
       War axe           |       |       |    67 |   117 ||   184
Invok: Burn Spellbooks   |       |     2 |     3 |     4 ||     9
       Berserk           |       |     1 |     4 |     3 ||     8
       Trog's Hand       |       |       |     1 |     1 ||     2
  Use: Scroll            |       |       |       |     3 ||     3
  Eat: Chunk             |     1 |     7 |    16 |     9 ||    33
Armor: Animal skin       |     3 |       |       |       ||     3
       Plate armour      |    75 |    77 |   185 |    67 ||   404
Dodge: Dodged            |    57 |    59 |   127 |    53 ||   296
Block: Buckler           |       |       |    78 |    46 ||   124
